 Dungeon Crawl Stone Soup version 0.25-a0-166-g16436c4407 (webtiles) character file.

Game seed: 2547514588980775311, levelgen mode: deterministic

192 Leeroy the Conjurer (level 5, -1/38 HPs)
             Began as a Draconian Conjurer on Nov 23, 2019.
             Slain by a kobold
             ... wielding a +0 short sword
              (4 damage)
             ... in a sewer.
             The game lasted 00:05:19 (3239 turns).

Leeroy the Conjurer (Draconian Conjurer)            Turns: 3239, Time: 00:05:20

Health: -1/38      AC:  5    Str: 16    XL:     5   Next: 42%
Magic:  1/8        EV: 12    Int: 15    God:
Gold:   168        SH:  0    Dex: 12    Spells: 1/8 levels left

rFire    . . .     SeeInvis .   m - +0 falchion
rCold    . . .     Gourm    .   (no shield)
rNeg     . . .     Faith    .   (armour unavailable)
rPois    .         Spirit   .   (helmet restricted)
rElec    .         Reflect  .   (no cloak)
rCorr    .         Harm     .   (no gloves)
MR       .....                  (no boots)
Stlth    ++........             (no amulet)
HPRegen  0.12/turn              (no ring)
MPRegen  0.11/turn              (no ring)

@: mighty, lethally poisoned (-1 -> -12)
A: unfitting armour, cold-blooded, AC +5
a: no special abilities


You were in a sewer.
You were hungry.

You visited 1 branch of the dungeon, and saw 3 of its levels.
You also visited: Sewer.

You collected 168 gold pieces.

Inventory:

Hand Weapons
 c - a +0 club
 f - a +0 dagger
 i - a +0 short sword
 m - a +0 falchion (weapon)
Missiles
 j - 52 stones (quivered)
 o - 5 boomerangs
Jewellery
 e - a cursed +2 ring of slaying {unknown}
Scrolls
 a - a scroll of noise {unknown}
 g - 2 scrolls of identify {unknown}
 h - a scroll of teleportation {unknown}
 n - a scroll of immolation {unknown}
Potions
 d - a potion of resistance {unknown}
 k - a potion of curing {unknown}
 l - 2 potions of might
 q - a potion of flight {unknown}
 r - a potion of heal wounds {unknown}
Comestibles
 b - 3 rations


   Skills:
 + Level 2.8 Long Blades
 - Level 1.7 Dodging
 - Level 1.7 Stealth
 - Level 2.0 Spellcasting
 - Level 6.0 Conjurations


You had one spell level left.
You knew the following spells:

 Your Spells              Type           Power        Failure   Level  Hunger
a - Magic Dart            Conj           ###.         1%          1    #......
b - Searing Ray           Conj           ###...       2%          2    ###....
c - Iskenderun's Mystic   Conj           ###.....     19%         4    #####..

Your spell library contained the following spells:

 Spells                   Type           Power        Failure   Level  Hunger
 Dazzling Spray           Conj/Hex       ##....       19%         3    ###....
 Force Lance              Conj/Tloc      ##......     54%         4    #####..
 Fulminant Prism          Conj/Hex       ##........   54%         4    #####..


Dungeon Overview and Level Annotations

Branches:
Dungeon (3/15)              Sewer (1/1)

Altars:


Innate Abilities, Weirdness & Mutations

Your plain brown scales are hard. (AC +5)
You cannot fit into any form of body armour.
You are cold-blooded and may be slowed by cold attacks.


Message History

The big kobold hits you with a +0 short sword.
* * * LOW HITPOINT WARNING * * *
The kobold hits you.
* * * LOW HITPOINT WARNING * * *
You hit the kobold.
Your tail-slap misses the kobold.
The kobold is heavily wounded.
The kobold throws a poisoned dart.
The poisoned dart closely misses you. The big kobold barely misses you.
You riposte.
You slash the big kobold! You tail-slap the big kobold!
The big kobold is almost dead.
The kobold barely misses you. The kobold hits you but does no damage.
You closely miss the kobold.
Your tail-slap misses the kobold.
The kobold is heavily wounded.
You feel sick.
The kobold throws a poisoned dart.
The poisoned dart hits you!
You are lethally poisoned!
The big kobold hits you with a +0 short sword.
* * * LOW HITPOINT WARNING * * *
The kobold misses you.
The kobold hits you with a +0 short sword.
You die...

≈≈≈≈≈#......#
#≈≈≈#......#
#≈≈≈#≈≈..((#
#≈≈≈#P≈...##
#≈≈≈≈≈P...##
#≈≈≈≈≈≈...(#
#≈≈≈#≈.K.###
#≈≈≈#.K(K#
#≈≈≈##K@##
#≈≈≈#....#
#≈≈≈#....#
#≈≈≈#(∩..#
#≈≈≈#(.(.#
#≈≈≈######
#≈≈≈'...#
#≈≈≈#.∩∩#
#≈≈≈#...#


You could see a big kobold and 3 kobolds.

Vanquished Creatures
  A big kobold (Sewer)
  A gnoll (D:1)
  3 adders (D:2)
  3 oozes (Sewer)
  2 worms
  A dart slug (D:2)
  3 leopard geckos
  An orc (D:3)
  2 ball pythons (Sewer)
  5 giant cockroaches
  5 goblins
  7 hobgoblins
  6 jackals (D:1)
  A quokka (D:3)
  5 bats
  A frilled lizard (D:1)
  10 kobolds
  3 rats (D:1)
60 creatures vanquished.

Notes
Turn   | Place    | Note
-------+----------+-------------------------------------------
     0 | D:1      | Leeroy the Draconian Conjurer began the quest for the Orb.
     0 | D:1      | Reached XP level 1. HP: 14/14 MP: 3/3
   140 | D:1      | Reached XP level 2. HP: 3/20 MP: 0/5
   433 | D:1      | Learned a level 2 spell: Searing Ray
   810 | D:1      | Reached skill level 5 in Conjurations
   810 | D:1      | Reached XP level 3. HP: 25/26 MP: 2/6
  2033 | D:2      | Reached XP level 4. HP: 28/33 MP: 7/7
  2041 | D:2      | Learned a level 4 spell: Iskenderun's Mystic Blast
  2769 | D:3      | Reached skill level 6 in Conjurations
  2805 | D:3      | Found a glowing drain.
  2828 | Sewer    | Entered a sewer
  3159 | Sewer    | Reached skill level 1 in Long Blades
  3192 | Sewer    | Noticed a big kobold
  3192 | Sewer    | Noticed a big kobold
  3235 | Sewer    | Killed a big kobold
  3235 | Sewer    | Reached XP level 5. HP: 25/38 MP: 0/8
  3239 | Sewer    | Slain by a kobold

Levels and vault maps discovered:
D:1:      dpeg_arrival_simpleton_b, layout_rooms, serial_forest,
          infiniplex_forest_lined_room_, infiniplex_forest_lined_2,
          infiniplex_forest_end_2, infiniplex_forest_clump_small,
          infiniplex_forest_zigzag_2, minmay_pentomino_s2
D:2:      layout_basic, first_ration
D:3:      layout_loops_ring, cheibrodos_sewer_entry_bend, kennysheep_doodads,
          kennysheep_generic_room_13, uniq_crazy_yiuf_cottage, uniq_terence
Sewer:    kennysheep_pipe_town

Skill      XL: |  1  2  3  4 |
---------------+-------------+-----
Conjurations   | 5 6 |  6.0
Long Blades    | 2 |  2.8
Dodging        | |  1.7
Stealth        | |  1.7
Spellcasting   | |  2.0

Action                   |  1- 3 |  4- 6 || total
-------------------------+-------+-------++-------
Melee: Dagger            |    37 |       ||    37
       Unarmed           |    11 |       ||    11
       Tailslap          |    11 |    20 ||    31
       Short sword       |    70 |    53 ||   123
       Falchion          |       |    52 ||    52
 Cast: Magic Dart        |     8 |     4 ||    12
       Searing Ray       |     3 |     2 ||     5
       Iskenderun's Myst |       |     2 ||     2
  Use: Potion            |       |     1 ||     1
 Stab: Sleeping          |     4 |     3 ||     7
  Eat: Chunk             |     3 |     5 ||     8
Armor: Skin              |    34 |    41 ||    75
Dodge: Dodged            |   119 |   104 ||   223
       Rpst.: Falchion   |       |    12 ||    12

Table legend:
 A = Non-vault XP
 B = Vault XP
 C = Vault XP percentage of total XP
 D = Non-vault monster count
 E = Vault monster count
 F = Vault count percentage of total count
                 A         B        C        D         E       F
            +---------+---------+-------+---------+---------+-------
      Total |     142 |     133 |  48.4 |      49 |      11 |  18.3
            +---------+---------+-------+---------+---------+-------
        D:1 |      61 |       2 |   3.2 |      27 |       1 |   3.6
        D:2 |      72 |       0 |   0.0 |      18 |       0 |   0.0
        D:3 |       9 |       5 |  35.7 |       4 |       1 |  20.0
      Sewer |       0 |     126 | 100.0 |       0 |       9 | 100.0
            +---------+---------+-------+---------+---------+-------
